 Dungeon Crawl Stone Soup version 0.30-a0-808-g6e0788376e (webtiles) character file.

Game seed: 7961530427859584117

70 cforsyth the Sneak (level 4, -1/28 HPs)
             Began as a Kobold Brigand on Feb 26, 2023.
             Succumbed to Terence's poison
             ... on level 2 of the Dungeon.
             The game lasted 00:01:39 (1049 turns).

cforsyth the Sneak (Kobold Brigand)                 Turns: 1049, Time: 00:01:39

Health: -1/28      AC:  3    Str:  8    XL:     4   Next: 45%
Magic:  4/4        EV: 15    Int: 12    God:
Gold:   52         SH:  0    Dex: 18    Spells: 3/3 levels left

rFire   . . .      SeeInvis .    a - +2 dagger
rCold   . . .      Faith    .    (no shield)
rNeg    . . .      Spirit   .    b - +0 robe
rPois   .          Reflect  .    (no helmet)
rElec   .          Harm     .    c - +0 cloak
rCorr   .          Rampage  .    (no gloves)
Will    .....                    (no boots)
Stlth   ++++                     (no amulet)
HPRegen 0.24/turn                (no ring)
MPRegen 0.09/turn                (no ring)

@: mighty, lethally poisoned (-1 -> -18)
A: small, no large weapons, nightstalker 3
a: no special abilities


You were on level 2 of the Dungeon.
You visited 1 branch of the dungeon, and saw 2 of its levels.

You collected 52 gold pieces.

Inventory:

Hand Weapons
 a - a +2 dagger (weapon)
Missiles
 d - 9 poisoned darts (quivered)
 e - 3 curare-tipped darts
Armour
 b - a +0 robe (worn)
 c - a +0 cloak (worn)
Scrolls
 f - a scroll of enchant armour {unknown}
 i - a scroll of enchant weapon {unknown}
 j - a scroll of butterflies {unknown}
 l - a scroll of identify {unknown}
 n - a scroll of teleportation {unknown}
Potions
 g - a potion of resistance {unknown}
 m - a potion of mutation {unknown}


   Skills:
 + Level 3.0 Fighting
 + Level 3.7 Short Blades
 - Level 2.1 Throwing
 + Level 2.5 Dodging
 + Level 6.0 Stealth


You had 3 spell levels left.
You didn't know any spells.
Your spell library was empty.

Dungeon Overview and Level Annotations

Branches:
Dungeon (2/15)

Altars:

Annotations:
D:2 Terence


Innate Abilities, Weirdness & Mutations

You are small and have problems with some larger weapons.
You are completely attuned to the shadows.


Message History

You feel very sick.
* * * LOW HITPOINT WARNING * * *
You feel sick.
* * * LOW HITPOINT WARNING * * *
You feel sick. The jackal bites you.
* * * LOW HITPOINT WARNING * * *
You hit the jackal.
The jackal is almost dead.
* * * LOW HITPOINT WARNING * * *
You feel sick. The jackal closely misses you.
It was a potion of curing.
You feel better. The jackal misses you.
You hit the jackal but do no damage.
The jackal is almost dead.
The jackal bites you.
You barely miss the jackal.
The jackal bites you but does no damage.
You miss the jackal. The jackal misses you.
You closely miss the jackal. The jackal closely misses you.
You hit the jackal.
The jackal is severely wounded.
The jackal barely misses you.
You hit the jackal.
You kill the jackal!
The jackal bites you but does no damage.
You hit the jackal.
You kill the jackal!
It was a potion of might.
You feel very mighty all of a sudden.
Terence hits you with a +0 hand axe of venom.
You hit Terence.
Terence is moderately wounded.
Terence closely misses you.
You hit Terence but do no damage.
Terence is moderately wounded.
Terence hits you with a +0 hand axe of venom!
* * * LOW HITPOINT WARNING * * *
You are lethally poisoned!
You puncture Terence!
Terence is almost dead.
You die...

##### ##...## .....
.###########.###.#
.....
...............#.#
##.##
.........###...#.#
##.##..###.###.#
##...##
...##..###.###.# #..##
#####..#.....#.# #..#
# ###..#.###.#.####..#
###......# .#..@@hh.#
.......#.###.#.####..#
###.#..#.....# #.@#
###.#..#......
.........
.......#.#.###
##.#.#### ....##.#.#.#
#.#.# .......#.#.# .
#.# ########†#.. #.#


You could see Terence and 2 jackals.

Vanquished Creatures
  2 adders (D:2)
  2 dart slugs
  4 bats
  2 endoplasms
  3 giant cockroaches
  6 goblins
  5 hobgoblins (D:1)
  2 jackals (D:2)
  3 quokkas (D:1)
  5 ball pythons
  A frilled lizard (D:1)
  4 kobolds (D:1)
  4 rats (D:1)
43 creatures vanquished.

Vanquished Creatures (others)
  4 fungi (D:2)
4 creatures vanquished.

Grand Total: 47 creatures vanquished

Notes
Turn   | Place    | Note
-------+----------+-------------------------------------------
     0 | D:1      | cforsyth the Kobold Brigand began the quest for the Orb.
     0 | D:1      | Reached XP level 1. HP: 12/12 MP: 1/1
    79 | D:1      | Reached XP level 2. HP: 18/18 MP: 2/2
   191 | D:1      | Found a faded altar of an unknown god.
   302 | D:1      | Reached XP level 3. HP: 22/22 MP: 3/3
   900 | D:2      | Reached XP level 4. HP: 27/27 MP: 4/4
   957 | D:2      | Reached skill level 6 in Stealth
  1024 | D:2      | Noticed Terence
  1049 | D:2      | Succumbed to Terence's poison

Illustrated notes

Levels and vault maps discovered:
D:1:      minmay_arrival_split_and_join, layout_basic,
          nicolae_ecumenical_snake_handling, hex_intersection, minmay_cut_off
D:2:      layout_loops_ring, uniq_terence, uniq_crazy_yiuf_cottage, uniq_jessica

Skill      XL: |  1  2  3  4 |
---------------+-------------+-----
Short Blades   | 3 |  3.7
Dodging        | 2 |  2.5
Stealth        | 6 |  6.0
Fighting       | 3 |  3.0
Throwing       | |  2.1

Action                     |  1- 3 |  4- 6 || total
---------------------------+-------+-------++-------
  Melee: Dagger            |    50 |    35 ||    85
    Use: Potion            |       |     2 ||     2
   Stab: Sleeping          |    22 |     4 ||    26
 Armour: Robe              |     3 |     8 ||    11
  Dodge: Dodged            |    21 |    27 ||    48

Table legend: (Time is in decaauts)
 A = Elapsed time spent in this place.
 B = Non-inter-level travel time spent in this place.
 C = Inter-level travel time spent in this place.
 D = Time resting spent in this place.
 E = Time spent auto-exploring this place.
 F = Levels seen in this place.
 G = Mean time per level.
                   A        B        C        D        E       F      G
               +--------+--------+--------+--------+--------+-----+--------+
         Total |   1034 |   1023 |     11 |      0 |    805 |   2 |  517.0 |
       Dungeon |   1034 |   1023 |     11 |      0 |    805 |   2 |  517.0 |
               +--------+--------+--------+--------+--------+-----+--------+

Top non-repeatable levels by time:
     D:1: 830 daAuts
     D:2: 203 daAuts
